 Dungeon Crawl Stone Soup version 0.17.1-3-g152610e (webtiles) character file.

159 Stendarr the Conjurer (level 5, -5/45 HPs)
             Began as a Troll Fire Elementalist on Apr 9, 2016.
             Slain by Grinder (8 damage)
             ... on level 4 of the Dungeon.
             The game lasted 00:05:37 (2587 turns).

Stendarr the Conjurer (Troll Fire Elementalist)     Turns: 2587, Time: 00:05:37

Health: -5/45      AC:  5    Str: 21      XL:     5   Next: 17%
Magic:  1/5        EV:  9    Int: 12      God:
Gold:   242        SH:  0    Dex:  7 (10) Spells: 2 memorised, 2 levels left

rFire  . . .     SeeInvis +     (no weapon)
rCold  . . .     Clarity  .     a - +0 robe
rNeg   . . .     SustAt   .     (no shield)
rPois  .         Gourm    +     (helmet restricted)
rElec  .         Spirit   .     (no cloak)
rCorr  .         Warding  .     (gloves unavailable)
rMut   .         Stasis   .     (boots unavailable)
MR     .....                    (no amulet)
Stlth  +.........               (no ring)
                                i - ring of see invisible

@: mighty, flying, very slightly contaminated, hasted, invisible, very quick,
not resistant to hostile enchantments, very unstealthy
A: unfitting armour, claws 3, fast metabolism 3, gourmand, regeneration 2,
shaggy fur 1, tough skin 2
a: no special abilities


You were on level 4 of the Dungeon.
You were full.

You visited 1 branch of the dungeon, and saw 4 of its levels.

You collected 242 gold pieces.

Inventory:

Armour
 a - a +0 robe (worn)
Jewellery
 i - a ring of see invisible (left claw)
 y - an uncursed ring of fire {unknown}
Wands
 x - a wand of enslavement (18)
 B - a wand of magic darts (32)
Scrolls
 e - 4 scrolls of remove curse {unknown}
 f - a scroll of enchant armour {unknown}
 g - 4 scrolls of blinking {unknown}
 k - 2 scrolls of identify {unknown}
 q - a scroll of magic mapping {unknown}
 r - 2 scrolls of fog {unknown}
 C - a scroll of teleportation {unknown}
Potions
 h - 3 potions of flight
 l - a potion of curing
 n - 2 potions of might
 t - a potion of mutation {unknown}
 v - a potion of brilliance {unknown}
 z - a potion of berserk rage {unknown}
Books
 b - a book of Flames

   Spells                             Type                      Level
   a - Flame Tongue                   Conjuration/Fire             1
   b - Throw Flame                    Conjuration/Fire             2
   c - Conjure Flame                  Conjuration/Fire             3
   d - Inner Flame                    Hexes/Fire                   3
   e - Sticky Flame                   Conjuration/Fire             4
   f - Fireball                       Conjuration/Fire             5
Comestibles
 c - 5 bread rations
 d - a beef jerky
 j - a royal jelly
 m - 2 meat rations
 u - a fruit
 w - a slice of pizza


   Skills:
 - Level 1.5 Dodging
 - Level 1.1 Stealth
 - Level 1.2 Spellcasting
 * Level 3.2 Conjurations
 + Level 2.9 Fire Magic


You had 2 spell levels left.
You knew the following spells:

 Your Spells              Type           Power        Failure   Level  Hunger
a - Flame Tongue          Conj/Fire      #....        12%         1    ##.....
b - Conjure Flame         Conj/Fire      #.......     30%         3    ####...


Dungeon Overview and Level Annotations

Branches:
Dungeon (4/15)
 Temple: D:4-7

Altars:
Okawaru
Ru
Trog
The Shining One

Annotations:
D:4 Grinder


Innate Abilities, Weirdness & Mutations

You are too large for most types of armour.
You have claws for hands.
Your metabolism is lightning-fast.
You like to eat raw meat.
You heal very quickly.
You are covered in fur (AC +1).
You have very tough skin (AC +2).


Message History

You closely miss Grinder.
Grinder is severely wounded.
Grinder hits you.
* * * LOW HITPOINT WARNING * * *
You writhe in agony.
* * * LOW HITPOINT WARNING * * *
The ball python barely misses you.
You catch the helpless ball python completely off-guard!
You claw the ball python!
You kill the ball python!
Grinder hits you!
* * * LOW HITPOINT WARNING * * *
You writhe in agony.
* * * LOW HITPOINT WARNING * * *
You closely miss Grinder.
Grinder is severely wounded.
You claw Grinder!
Grinder is almost dead.
Grinder hits you!
You die...

#........>#
..#######.#
#### ##.###
#....# #..#.#
#..#.#
####..#.##
#....5...#
..##.@...#
#..†...#
##...#.#######.
##............
#.##.######.#
#.# #.##.#
#...###'##.#
#..........#
#.###...(.##


You could see Grinder.

Vanquished Creatures
  An orc priest (D:4)
  4 adders
  3 oozes
  6 worms
  3 giant geckos
  5 orcs
  5 giant cockroaches
  11 hobgoblins
  3 ball pythons
  3 bats
  2 giant newts
  5 goblins
  3 jackals (D:3)
  5 kobolds
  8 rats
67 creatures vanquished.

Vanquished Creatures (others)
  A wizard (D:3)
1 creature vanquished.

Grand Total: 68 creatures vanquished

Notes
Turn   | Place    | Note
--------------------------------------------------------------
     0 | D:1      | Stendarr the Troll Fire Elementalist began the quest for the Orb.
     0 | D:1      | Reached XP level 1. HP: 16/16 MP: 1/1
    23 | D:1      | Reached skill level 1 in Conjurations
   142 | D:1      | Reached XP level 2. HP: 24/24 MP: 2/2
   765 | D:2      | Reached XP level 3. HP: 29/31 MP: 3/3
  1137 | D:2      | Reached XP level 4. HP: 35/39 MP: 4/4
  1205 | D:2      | Found an iron altar of Okawaru.
  1312 | D:2      | Found a glowing golden altar of the Shining One.
  1593 | D:3      | Found a sacrificial altar of Ru.
  2051 | D:3      | Found a bloodstained altar of Trog.
  2064 | D:3      | Noticed a wizard
  2067 | D:3      | Killed a wizard
  2264 | D:4      | Reached skill level 3 in Conjurations
  2331 | D:4      | Reached XP level 5. HP: 27/45 MP: 2/5
  2544 | D:4      | Noticed Grinder
  2559 | D:4      | Learned a level 3 spell: Conjure Flame
  2573 | D:4      | HP: 2/45 [Grinder (3)]
  2585 | D:4      | HP: 2/45 [Grinder (2)]
  2587 | D:4      | Slain by Grinder

Action                   |  1- 3 |  4- 6 || total
-------------------------+-------+-------++-------
Melee: Unarmed           |   117 |   109 ||   226
 Cast: Flame Tongue      |       |    17 ||    17
  Use: Potion            |       |     7 ||     7
 Stab: Sleeping          |     1 |       ||     1
       Invisible         |       |     1 ||     1
  Eat: Chunk             |    16 |    11 ||    27
